 Dungeon Crawl Stone Soup version 0.29-a0-551-gffc1d7fb78 (webtiles) character file.

Game seed: 6214117427652588561

60 Zeld the Magician (level 4, -4/36 HPs)
             Began as a Meteoran Transmuter on June 5, 2022.
             Shot with an arrow by a centaur (8 damage)
             ... on level 6 of the Dungeon.
             The game lasted 00:01:33 (1374 turns).

Zeld the Magician (Meteoran Transmuter)             Turns: 1374, Time: 00:01:33

Health: -4/36      AC:  2    Str: 13    XL:     4   Next: 50%
Magic:  10/10      EV: 13    Int: 14    God:
Gold:   87         SH:  0    Dex: 15    Spells: 0/10 levels left

rFire   + . .      SeeInvis .     - Unarmed
rCold   . . .      Faith    .   (no shield)
rNeg    . . .      Spirit   .   a - +0 robe
rPois   .          Reflect  .   (no helmet)
rElec   .          Harm     .   (no cloak)
rCorr   .          Rampage  .   (no gloves)
Will    .....                   (no boots)
Stlth   +.........              (no amulet)
HPRegen 0.12/turn               c - ring of protection from fire
MPRegen 0.12/turn               (no ring)

@: glowing
A: sense surroundings 1, otherworldly, glowing, explore regen
a: no special abilities


You were on level 6 of the Dungeon.
You visited 1 branch of the dungeon, and saw 6 of its levels.

You collected 87 gold pieces.

Inventory:

Armour
 a - a +0 robe (worn)
Jewellery
 c - a ring of protection from fire (left hand)
Scrolls
 d - 2 scrolls of acquirement {unknown}
 e - a scroll of poison {unknown}
 f - a scroll of amnesia {unknown}
 i - a scroll of teleportation {unknown}
 j - 2 scrolls of identify {unknown}
 m - a scroll of summoning {unknown}
 n - a scroll of noise {unknown}
Potions
 b - a potion of lignification
 g - a potion of haste {unknown}
 h - 2 potions of flight {unknown}
 k - a potion of heal wounds {unknown}
 l - a potion of brilliance {unknown}


   Skills:
 + Level 2.1 Fighting
 + Level 3.0 Dodging
 - Level 3.6 Unarmed Combat
 * Level 3.7 Spellcasting
 * Level 3.4 Transmutations


You couldn't memorise any spells.
You knew the following spells:

 Your Spells              Type           Power      Damage    Failure   Level
a - Beastly Appendage     Tmut           24%        N/A       4%          1
b - Wereblood             Tmut           12%        N/A       8%          2
c - Spider Form           Tmut/Pois      7%         N/A       30%         3
d - Ice Form              Ice/Tmut       7%         N/A       69%         4

Your spell library contained the following spells:

 Spells                   Type           Power      Damage    Failure   Level


Dungeon Overview and Level Annotations

Branches:
Dungeon (7/15)
 Temple: D:4-7

Altars:
Hepliaklqana


Innate Abilities, Weirdness & Mutations

You passively map a small area around you.
You are easily found by Zot.
You glow in the dark.
You regain HP and MP as you explore.


Message History

There is a stone staircase leading down here.
You climb downwards.
A sourceless malevolence fills the Dungeon...
You fall into a shaft and drop 3 floors!
The shaft crumbles and collapses.
Found a trident.
Found a stone staircase leading down and a stone staircase leading up.
Casting: Beastly Appendage (safe; 4% risk of failure)
Confirm with . or Enter, or press ? or * to list all spells.
You don't know that spell.
You can't go up here!
Unknown command.
Found a stone staircase leading down.
Found a scroll labelled HESAQOCHAE.
There is a stone staircase leading up here.
You climb upwards.
You hear the sound of rushing water.
There is an entrance to a sewer on this level.
Hurry and find it before the portal rusts away!
Found a scroll labelled UCIEMUK ZIOHEE.
There is a stone staircase leading down here.
This spell is potentially lethal to cast!
Memorise Ice Form, consuming 4 spell levels and leaving 0?
You start memorising the spell.
You continue memorising. x4
You finish memorising.
Spell assigned to 'd'.
Found a short sword.
Okay, then.
Found a stone staircase leading down.
n - a scroll labelled UCIEMUK ZIOHEE A centaur comes into view.
The centaur shouts!
The centaur wields a +0 shortbow.
The centaur shoots an arrow.
The arrow hits you!
The centaur shoots an arrow.
The arrow hits you!
The centaur shoots an arrow.
The arrow hits you!
* * * LOW HITPOINT WARNING * * *
A centaur is nearby!
You start waiting.
A centaur is nearby!
The centaur shoots an arrow.
The arrow hits you!
You die...

, ...* ,,##..##
..>,....#### ....
#..##.# ,
#...#..##.## ,
#..........#
#).........### ,
.......#....#.#
.....#..@#.##.##
.c##.#..##.....#
.,#....c.....#..#
* ,,
....#.......# ..
, , ...##.....>.#
... ##.....#..# .
,#..#####..# , ,,
.....* ..#,
..###.. , , .. ,
,


You could see a centaur.

Vanquished Creatures
  Natasha (D:2)
  3 dart slugs
  2 ball pythons
  4 endoplasms
  2 giant cockroaches (D:2)
  5 hobgoblins
  2 kobolds (D:2)
  3 bats (D:2)
  A frilled lizard (D:1)
  3 goblins
  2 rats (D:2)
28 creatures vanquished.

Notes
Turn   | Place    | Note
-------+----------+-------------------------------------------
     0 | D:1      | Zeld the Meteoran Transmuter began the quest for the Orb.
     0 | D:1      | Reached XP level 1. HP: 16/16 MP: 5/5
    41 | D:1      | Reached XP level 2. HP: 18/23 MP: 4/6
   178 | D:1      | Found a faded altar of an unknown god.
   197 | D:1      | HP: 1/23 [hobgoblin (4)]
   463 | D:2      | Found a hazy altar of Hepliaklqana.
   634 | D:2      | Reached XP level 3. HP: 20/28 MP: 6/8
   637 | D:2      | Learned a level 2 spell: Wereblood
   641 | D:2      | Learned a level 3 spell: Spider Form
   852 | D:2      | Noticed Natasha
   861 | D:2      | Killed Natasha
   862 | D:2      | Reached XP level 4. HP: 10/36 MP: 8/10
  1340 | D:4      | You fall into a shaft and drop 3 floors!
  1351 | D:6      | Learned a level 4 spell: Ice Form
  1363 | D:6      | Noticed a centaur
  1374 | D:6      | Shot with an arrow by a centaur

Illustrated notes

Levels and vault maps discovered:
D:1:      eino_arrival_cavern_d, layout_loops_cross,
          shapermc_ecumenical_altar_mp_ritualfount
D:2:      layout_basic, basic_altar, kennysheep_potato, uniq_natasha
D:3:      layout_loops_ring
D:4:      layout_rooms, minmay_temple_entry_glass, due_unseen_surprise,
          uniq_ijyb, uniq_blork_the_orc
D:6:      cheibrodos_helix_gallery, layout_cave_pools,
          grunt_temple_overflow_gold_and_silver, gup_sewer_entry_bubbles
D:7:      layout_cave_pools, riverfiend_overflow_shadow_ancestor, uniq_pikel,
          uniq_menkaure, uniq_prince_ribbit1

Skill      XL: |  1  2  3  4 |
---------------+-------------+-----
Spellcasting   | 3 |  3.7
Transmutations | 3 |  3.4
Fighting       | 2 |  2.1
Dodging        | 3 |  3.0
Unarmed Combat | |  3.6

Action                   |  1- 3 |  4- 6 || total
-------------------------+-------+-------++-------
Melee: Unarmed           |    60 |    12 ||    72
       Kick              |    10 |     3 ||    13
       Headbutt          |    11 |       ||    11
 Cast: Beastly Appendage |    14 |     6 ||    20
Armor: Robe              |    14 |     4 ||    18
Dodge: Dodged            |    29 |     4 ||    33

Table legend: (Time is in decaauts)
 A = Elapsed time spent in this place.
 B = Non-inter-level travel time spent in this place.
 C = Inter-level travel time spent in this place.
 D = Time resting spent in this place.
 E = Time spent auto-exploring this place.
 F = Levels seen in this place.
 G = Mean time per level.
                   A        B        C        D        E       F      G
               +--------+--------+--------+--------+--------+-----+--------+
         Total |   1367 |   1328 |     39 |    257 |    807 |   6 |  227.8 |
       Dungeon |   1367 |   1328 |     39 |    257 |    807 |   6 |  227.8 |
               +--------+--------+--------+--------+--------+-----+--------+

Top non-repeatable levels by time:
     D:2: 702 daAuts
     D:3: 424 daAuts
     D:1: 206 daAuts
     D:6: 28 daAuts
     D:7: 4 daAuts
